 Dungeon Crawl Stone Soup version 0.18.1-48-g4cf74bf (webtiles) character file.

1940855 daning the Swordmaster (level 27, 207/207 HPs)
             Began as a High Elf Skald on Aug 29, 2016.
             Was the Champion of Zin.
             Escaped with the Orb
             ... and 4 runes on Sept 3, 2016!
             The game lasted 16:57:49 (124194 turns).

daning the Swordmaster (High Elf Skald)           Turns: 124194, Time: 16:57:50

Health: 207/207    AC: 40    Str:  5 (13) XL:     27
Magic:  51/51      EV: 16    Int: 29 (30) God:    Zin [******]
Gold:   690        SH:  0    Dex: 23      Spells: 19 memorised, 0 levels left

rFire  + + +     SeeInvis +     a - +4 triple sword "Mischaj" {slice, rPois Dex+2}
rCold  + + .     Gourm    .     A - +9 ice dragon armour
rNeg   + . .     Faith    .     (shield currently unavailable)
rPois  +         Spirit   .     g - +0 hat "Etumnutz" {MR++ Int-2 Dex+4}
rElec  .         Dismiss  .     L - +2 cloak {MR+}
rCorr  .         Reflect  .     f - +4 pair of gloves of the Alphagorgon {*Confuse rPois rF+++ Str-3}
SustAt .         Harm     .     r - +2 pair of boots {Fly}
MR     +++++     Clarity  +     k - amulet of the Four Winds {rN+ MR+++ Clar}
Stlth  +.........               t - ring of see invisible
                                N - ring of Ypacwol {+Inv rF+ Str+5 Int+2}

@: flying, very slightly contaminated, studying Evocations, deflect missiles,
almost entirely resistant to hostile enchantments, very unstealthy
A: subdued magic 1, MP-powered wands
a: Recite, Vitalisation, Imprison, Sanctuary, Donate Gold, Cure All Mutations,
Renounce Religion, Evoke Invisibility, Stop Flying
0: Orb of Zot
}: 4/15 runes: serpentine, barnacled, slimy, silver


You escaped.
You worshipped Zin.
Zin was exalted by your worship.
You were not hungry.

You visited 13 branches of the dungeon, and saw 63 of its levels.
You visited the Abyss 3 times.
You also visited: Bailey, Ice Cave, Volcano and Wizlab.

You collected 8979 gold pieces.
You spent 5601 gold pieces at shops.
You donated 2688 gold pieces to Zin.

Inventory:

Hand Weapons
 a - the +4 triple sword "Mischaj" (weapon) {slice, rPois Dex+2}
   (Okawaru gifted it to you in a wizard's laboratory)

   It inflicts extra damage upon your enemies.
   It affects your dexterity (+2).
   It protects you from poison.
 M - the +9 triple sword of Okawaru's Generosity {flame, *Corrode +Fly Dex+7 Stlth+}
   (Okawaru gifted it to you on level 1 of the Orcish Mines)

   It has been specially enchanted to burn those struck by it, causing extra
   injury to most foes and up to half again as much damage against particularly
   susceptible opponents.
   Big, fiery blades are also staple armaments of hydra-hunters.
   It affects your dexterity (+7).
   It lets you fly.
   It may corrode you when you take damage.
   It makes you more stealthy.
Armour
 f - the +4 pair of gloves of the Alphagorgon (worn) {*Confuse rPois rF+++ Str-3}
   (Okawaru gifted it to you on level 3 of the Lair of Beasts)

   It affects your strength (-3).
   It renders you almost immune to fire.
   It protects you from poison.
   It may confuse you when you take damage.
 g - the +0 hat "Etumnutz" (worn) {MR++ Int-2 Dex+4}
   (Okawaru gifted it to you on level 1 of the Depths)

   It affects your intelligence (-2).
   It affects your dexterity (+4).
   It affects your resistance to hostile enchantments.
 r - a +2 pair of boots of flying (worn)
 A - a +9 ice dragon armour (worn)
 L - a +2 cloak of magic resistance (worn)
Jewellery
 k - the amulet of the Four Winds (around neck) {rN+ MR+++ Clar}
   (You found it on level 7 of the Dungeon)

   [amulet of nothing]

   It protects you from negative energy.
   It affects your resistance to hostile enchantments.
   It protects you against confusion.
 l - the ring of Xuvarph {SustAt Str+3}
   (You found it on level 6 of the Pits of Slime)

   [ring of sustain attributes]

   It sustains your strength, intelligence and dexterity.
   It affects your strength (+3).
 t - a ring of see invisible (right hand)
 v - the ring of Gime {rCorr rElec rPois rN++ MP-9}
   (You bought it in a shop on level 7 of the Dungeon)

   [ring of resist corrosion]

   It insulates you from electricity.
   It protects you from poison.
   It greatly protects you from negative energy.
   It affects your magic capacity (-9).
 N - the ring of Ypacwol (left hand) {+Inv rF+ Str+5 Int+2}
   (You found it on level 5 of the Vaults)

   [ring of intelligence]

   It affects your strength (+5).
   It affects your intelligence (+2).
   It protects you from fire.
   It lets you turn invisible.
 Y - the ring "Idudeuxt" {rC+ rN+ Str+3 Int+7 Stlth-}
   (You took it off a deep elf elementalist on level 3 of the Elven Halls)

   [ring of protection from cold]

   It affects your strength (+3).
   It affects your intelligence (+7).
   It protects you from cold.
   It protects you from negative energy.
   It makes you less stealthy.
Wands
 G - a wand of heal wounds (4/9)
Scrolls
 c - a scroll of identify
 h - 3 scrolls of enchant armour
 j - 4 scrolls of magic mapping
 o - 2 scrolls of blinking
 z - 7 scrolls of fear
 O - 11 scrolls of teleportation
 P - 3 scrolls of recharging
 U - a scroll of acquirement
Potions
 e - 11 potions of brilliance
 q - 12 potions of might
 s - 8 potions of resistance
 w - 23 potions of curing
 J - a potion of cancellation
 K - 8 potions of agility
Books
 b - a manual of Evocations
Comestibles
 d - 13 bread rations


   Skills:
 + Level 22.0 Fighting
 O Level 27 Long Blades
 + Level 20.3 Armour
 + Level 23.3 Dodging
 - Level 3.4 Stealth
 - Level 23.0 Spellcasting
 - Level 13.1 Charms
 - Level 22.0 Translocations
 - Level 14.5 Air Magic
 - Level 14.9 Invocations
 - Level 5.6 Evocations


You couldn't memorise any spells.
You knew the following spells:

 Your Spells              Type           Power        Failure   Level  Hunger
a - Apportation           Tloc           #######...   0%          1    None
b - Blink                 Tloc           N/A          0%          2    None
c - Controlled Blink      Tloc           N/A          10%         8    ####...
d - Dispersal             Tloc           #######...   1%          6    None
e - Passwall              Trmt/Erth      ####......   12%         2    None
f - Lightning Bolt        Conj/Air       ######....   10%         5    None
g - Shroud of Golubria    Chrm/Tloc      #######...   0%          2    None
h - Haste                 Chrm           ######..     8%          6    None
i - Infusion              Chrm           ####         1%          1    None
j - Disjunction           Tloc           #######...   10%         8    ####...
k - Airstrike             Air            ######....   1%          4    None
l - Force Lance           Conj/Tloc      ######..     1%          4    None
m - Deflect Missiles      Chrm/Air       ######....   3%          6    None
p - Passage of Golubria   Tloc           N/A          0%          4    None
q - Cure Poison           Pois           ####......   12%         2    None
s - Song of Slaying       Chrm           ######..     1%          2    None
w - Spectral Weapon       Hex/Chrm       ######..     1%          3    None
x - Silence               Hex/Air        ######....   10%         5    None
y - Summon Butterflies    Summ           ####....     10%         1    None


Dungeon Overview and Level Annotations

Branches:
Dungeon (15/15)            Temple (1/1) D:6            Lair (8/8) D:11
 Shoals (4/4) Lair:3        Snake (4/4) Lair:6        Slime (6/6) Lair:6
    Orc (2/2) D:11            Elf (3/3) Orc:2        Vaults (5/5) D:14
  Crypt (3/3) Vaults:3       Tomb (2/3) Crypt:3      Depths (5/5) D:15
    Zot (5/5) Depths:5

Altars:
Ashenzari
Cheibriados
Dithmenos
Elyvilon
Fedhas
Gozag
Kikubaaqudgha
Makhleb
Nemelex Xobeh
Okawaru
Pakellas
Qazlal
Ru
Sif Muna
Trog
Vehumet
Xom
Yredelemnul
Zin
The Shining One
Jiyva

Shops:
D:7 [=   D:12 }*   Orc:2 ([}[   Elf:2 *   Shoals:2 (   Vaults:4 :   Depths:1 *
Depths:4 *

Portals:
Hell: Depths:1 Depths:2 Depths:3 Depths:4 Depths:5
Abyss: Depths:3 Depths:4
Pandemonium: Depths:3
Ziggurat: Depths:4

Annotations:
Depths:5 1 exclusion


Innate Abilities, Weirdness & Mutations

Your spells are a little easier to cast, but a little less powerful.
You expend magic power (3 MP) to strengthen your wands.


Message History

Your surroundings suddenly seem different.
Casting: Passwall
Confirm with . or Enter, or press ? or * to list all spells.
Which direction?
You begin to meditate on the wall.
You continue meditating on the rock. x3
You finish merging with the rock.
A rat comes into view.
The spriggan shouts!
There is an open door here.
The spriggan shouts!
The octopode shouts!
The minotaur bellows!
The minotaur bellows!
There is a staircase leading out of the dungeon here.
You start waiting.
A white imp comes into view.
You can't go down here!
Char dumped successfully.
You can't go down here!
You have escaped!

###########
#####Z#.#M#a#Z#
##.#.############
Z#####.....5....##
##..............@#
...#######......##
####i#V#V########
.#Z#######x#H#H#
#### ####### ####
#####..######
#...........#
#.###.#####.#


You could see a minotaur, a white imp and an orc skeleton.

Vanquished Creatures
  the Royal Jelly (Slime:6)
  Khufu (Tomb:1)
  Mara (Shoals:3)
  7 ancient liches
  9 orbs of fire (Zot:5)
  Mennas (Depths:3)
  The ghost of Joat the Conqueror, a legendary DrMo of Ru (Slime:6)
  5 greater mummies (Tomb:1)
  Frederick (Depths:3)
  Norris (Vaults:3)
  3 Killer Klowns (Zot:5)
  Saint Roka (Vaults:5)
  Margery (Vaults:3)
  10 golden dragons
  The ghost of ThereIsNoGod the Axe Maniac, an adept MiGl of Makhleb (Depths:4)
  A profane servitor (Lair:1)
  Jory (Vaults:2)
  The ghost of nikopol the Phalangite, an adept MiBe of Trog (Vaults:5)
  An iron giant (Depths:2)
  4 bone dragons
  A hellephant (Abyss:1)
  3 electric golems
  Jorgrun (Vaults:4)
  19 tentacled monstrosities
  10 liches
  10 deep elf blademasters
  The ghost of nikopol the Severer, an adept MiBe of Trog (Snake:2)
  26 Orb Guardians
  13 titans
  31 acid blobs
  2 Executioners
  A kraken (Shoals:3)
  Gastronok (Lair:2)
  6 deep elf master archers
  14 sphinxes
  2 quicksilver dragons (Vaults:5)
  2 ancient champions
  12 death cobs
  Polyphemus (Shoals:4)
  Agnes (D:14)
  6 tentacled starspawn
  Roxanne (Shoals:4)
  7 tengu reavers
  3 daevas (Depths:3)
  11 shadow dragons
  A thorn hunter (Abyss:5)
  6 revenants
  Ilsuiw (Shoals:4)
  17 storm dragons
  22 fire giants
  13 azure jellies
  18 vault wardens
  18 frost giants
  10 draconian monks
  9 draconian scorchers
  17 draconian knights
  11 draconian zealots
  7 deep elf sorcerers (Elf:3)
  3 orc warlords
  3 ghost moths
  Louise (Depths:3)
  8 greater nagas
  2 curse skulls
  A warmonger (Zot:3)
  A spriggan defender (Depths:1)
  10 draconian annihilators
  5 war gargoyles
  2 angels (Depths:3)
  4 deep elf elementalists
  10 ironheart preservers
  5 draconian shifters
  13 very ugly things
  9 draconian callers
  An ophan (Abyss:1)
  9 vampire knights
  40 stone giants
  A blood saint (Zot:3)
  3 salamander stormcallers
  105 slime creatures
  16 black draconians
  Nessos (D:15)
  Azrael (Elf:1)
  11 green draconians
  2 bennus (Tomb:1)
  15 white draconians
  7 deep elf demonologists
  17 red draconians
  8 deep elf annihilators (Elf:3)
  12 mottled draconians
  31 purple draconians
  36 yellow draconians
  2 dire elephants
  9 spark wasps
  A spark wasp (shapeshifter) (Elf:1)
  4 merfolk javelineers
  Snorg (Lair:7)
  10 eidola
  31 vault guards
  Josephine (Orc:2)
  9 statues (WizLab)
  11 deep elf death magi
  10 jiangshi
  2 blizzard demons (IceCv)
  14 ettins
  7 death oozes
  A crystal guardian (Vaults:4)
  4 mummy priests (Tomb:1)
  18 fire dragons
  A green death (Abyss:1)
  10 merfolk impalers
  9 ice dragons
  21 yaktaur captains
  4 deep elf high priests
  9 entropy weavers
  Fannar (Lair:3)
  6 rakshasas
  19 great orbs of eyes
  4 hydras
  19 naga warriors
  4 alligator snapping turtles
  3 monstrous demonspawn
  9 anacondas
  2 catoblepae
  A hell beast (Zot:3)
  16 ogre magi
  2 spriggan air magi
  2 merfolk avatars (Shoals:4)
  12 centaur warriors
  26 dancing weapons
  6 merfolk aquamancers (Shoals:4)
  3 satyrs
  A titan zombie (Crypt:2)
  7 death knights
  10 vampire magi
  2 tengu warriors
  6 deep troll earth magi
  10 deep troll shamans
  A hell hog (Abyss:1)
  3 hell knights (Vaults:3)
  An iron giant zombie (Crypt:1)
  14 death yaks
  14 thrashing horrors
  3 orc high priests (Orc:2)
  A hell hog (shapeshifter) (Elf:3)
  3 soul eaters
  6 shock serpents
  A sun demon (Depths:3)
  3 storm dragon zombies
  Sonja (Lair:2)
  23 naga sharpshooters
  Nergalle (Lair:3)
  A titan skeleton (Crypt:3)
  4 iron trolls
  An iron troll (shapeshifter) (Vaults:5)
  11 wretched stars
  24 deep elf knights
  3 shadow wraiths
  13 death scarabs (Tomb:1)
  40 skeletal warriors
  2 spatial maelstroms (Abyss:1)
  5 cherubim (Depths:3)
  A death drake (Abyss:5)
  8 flayed ghosts
  5 unseen horrors
  An infernal demonspawn (Zot:3)
  A golden dragon zombie (Abyss:1)
  21 large abominations
  A gelid demonspawn (Zot:3)
  18 sea snakes
  6 giant orange brains
  An unseen horror (shapeshifter) (Vaults:1)
  30 deep trolls
  19 hill giants
  A giant orange brain (shapeshifter) (Depths:4)
  An orange crystal statue (Elf:3)
  An obsidian statue (Vaults:3)
  15 phantasmal warriors
  17 ironbrand convokers
  A shambling mangrove (Abyss:5)
  5 naga ritualists
  8 mana vipers
  4 wizards
  17 harpies
  2 harpies (shapeshifter)
  8 necromancers
  17 deep elf archers
  38 ugly things
  19 orc knights
  2 wolf spiders
  2 wolf spider zombies
  12 orc sorcerers
  100 deep elf magi
  19 griffons
  A cyclops (shapeshifter) (Vaults:1)
  15 manticores
  A shadow dragon skeleton (Tomb:1)
  A hornet (Vaults:4)
  21 cyclopes
  3 sixfirhies
  10 salamanders
  4 worldbinders
  A salamander (shapeshifter) (Vaults:4)
  3 stone giant zombies
  An iron dragon zombie (Crypt:3)
  27 elephants
  6 fauns (Shoals:1)
  3 guardian serpents
  26 naga magi
  39 moths of wrath
  3 human skeletons
  A dire elephant zombie (Crypt:2)
  2 iron dragon skeletons (Crypt:3)
  An apocalypse crab (Abyss:5)
  9 sirens
  4 eyes of devastation (Slime:6)
  35 black mambas
  7 water nymphs
  3 rust devils
  A frost giant skeleton (Crypt:3)
  A centaur zombie (D:12)
  2 ice statues (IceCv)
  A black mamba (shapeshifter) (Elf:3)
  13 vault sentinels
  4 smoke demons (Abyss:1)
  5 gargoyles
  20 spiny frogs
  3 orange demons
  A torpor snail (Lair:3)
  10 fire giant skeletons (Crypt:3)
  5 rime drakes
  A yaktaur (shapeshifter) (Depths:4)
  An emperor scorpion zombie (Crypt:3)
  6 komodo dragons
  2 green draconian zombies
  A catoblepas zombie (Crypt:3)
  2 kobold demonologists (Vaults:1)
  A hellion (Abyss:5)
  2 golden dragon simulacra (IceCv)
  2 tormentors
  15 freezing wraiths
  12 ice devils
  2 efreet
  81 yaktaurs
  2 anaconda simulacra (IceCv)
  3 tengu conjurers
  15 guardian mummies
  2 hellwings (Abyss:1)
  5 ancient zymes
  2 polar bears (shapeshifter)
  A silent spectre (Abyss:1)
  A red devil (Zot:5)
  16 trolls
  4 wind drakes
  27 merfolk
  A tengu simulacrum (Vaults:3)
  2 wind drakes (shapeshifter)
  A moth of wrath zombie (Crypt:2)
  4 polar bears
  2 sphinx simulacra
  2 hydra skeletons
  33 blink frogs
  21 two-headed ogres
  2 human simulacra
  2 blink frogs (shapeshifter)
  4 fire dragon zombies
  4 boulder beetles
  An ice dragon zombie (Crypt:2)
  18 raiju
  3 ushabtiu
  An ettin zombie (Abyss:1)
  16 snapping turtles
  11 flying skulls (Tomb:1)
  9 shadows
  9 air elementals
  An ice dragon skeleton (Crypt:1)
  31 redbacks
  6 fire dragon skeletons (Crypt:3)
  8 ynoxinuls
  3 alligator skeletons
  5 vampires
  An ettin skeleton (Crypt:1)
  2 tarantellas
  18 wraiths
  A tarantella (shapeshifter) (Elf:3)
  A hog (shapeshifter) (Depths:3)
  7 wyverns
  8 basilisks
  3 fire bats (Abyss:1)
  A human (shapeshifter) (Vaults:2)
  8 water elementals
  65 yaks
  22 small abominations
  5 fire elementals
  3 hungry ghosts
  A golden eye (shapeshifter) (Vaults:4)
  6 chaos spawn
  5 golden eyes
  16 hippogriffs
  24 vampire mosquitoes
  7 neqoxecs (Abyss:1)
  3 mottled dragons
  5 wargs
  An iron troll simulacrum (IceCv)
  A harpy simulacrum (IceCv)
  5 insubstantial wisps
  6 spatial vortices (Abyss:1)
  2 spiny frog zombies
  A soldier ant (shapeshifter) (Depths:1)
  Duvessa (D:5)
  56 nagas
  4 hydra simulacra (IceCv)
  2 soldier ants
  11 water moccasins
  2 giant eyeballs
  A faun skeleton (Crypt:1)
  5 hell hounds
  17 porcupines
  7 eyes of draining
  A merfolk skeleton (Crypt:1)
  A swamp drake (D:10)
  2 black bears (Lair:8)
  68 orc warriors
  13 ice beasts
  8 sky beasts
  A necrophage (D:12)
  16 wolves
  3 boggarts (Vaults:2)
  2 wasps (Abyss:5)
  67 ogres
  6 phantoms
  A hog zombie (Crypt:2)
  27 centaurs
  16 crocodiles
  4 swamp dragon skeletons
  A crocodile (shapeshifter) (Vaults:4)
  A big kobold (shapeshifter) (Vaults:3)
  6 big kobolds
  2 glowing shapeshifter simulacra
  24 giant frogs
  A hell hound zombie (Crypt:2)
  A wyvern zombie (Crypt:1)
  Dowan (D:5)
  3 earth elementals (Elf:3)
  34 jellies
  A cyclops skeleton (Crypt:1)
  A wyvern skeleton (D:13)
  3 scorpions
  A hippogriff zombie (Crypt:1)
  15 killer bees
  10 howler monkeys
  12 wights
  An electric eel (Lair:2)
  7 crimson imps
  A lava snake (Lair:2)
  A wasp zombie (D:11)
  4 quasits
  50 starcursed masses
  A black bear zombie (Crypt:2)
  2 giant frog zombies
  8 hounds
  5 centaur skeletons
  5 giant frog skeletons
  19 orc priests
  5 iron imps (Abyss:1)
  10 iguanas
  A lightning spire (Zot:1)
  33 orc wizards
  14 worker ants
  27 sheep
  A tengu zombie (Abyss:5)
  A hound zombie (D:9)
  A hound skeleton (Crypt:1)
  33 mummies
  A howler monkey zombie (D:6)
  2 worker ant zombies
  A howler monkey skeleton (D:7)
  11 adders
  57 river rats
  3 shadow imps
  3 white imps (Abyss:1)
  3 ufetubi
  3 oozes
  2 worms
  3 dart slugs
  7 giant geckos
  126 orcs
  A ball python (D:3)
  A bat skeleton (Crypt:2)
  5 giant cockroaches
  10 goblins
  6 hobgoblins
  17 jackals
  21 kobolds
  4 quokkas
  5 bats (D:1)
  3 giant newts
  A kobold skeleton (Crypt:1)
  A quokka skeleton (D:9)
  8 rats
  A fungus (Lair:7)
  A lost soul (Crypt:3)
  2 plants
  A starspawn tentacle (Abyss:1)
  5 tentacles (Shoals:3)
3651 creatures vanquished.

Vanquished Creatures (collateral kills)
  An angel (Depths:3)
  A cherub (Depths:3)
2 creatures vanquished.

Vanquished Creatures (others)
  A fire giant (Depths:2)
  A salamander stormcaller (Vaults:4)
  A purple draconian (WizLab)
  3 death scarabs (Tomb:1)
  A deep troll (Vaults:5)
  A hill giant (Depths:4)
  A deep elf mage (Elf:1)
  A necromancer (Vaults:4)
  A black mamba (Snake:4)
  A two-headed ogre (Depths:2)
  A raiju (Abyss:1)
  5 golden eyes (Abyss:1)
  4 small abominations
  2 orc warriors
  An ogre (Depths:2)
  An orc wizard (Orc:1)
  A white imp (Abyss:1)
  An ufetubus (Abyss:1)
  A ball lightning (Vaults:4)
  An orc (Vaults:5)
  An orc skeleton (Crypt:1)
  2 briar patches (Abyss:5)
  A fire vortex (Vaults:5)
  20 fungi
  9 lost souls
  2 lurking horrors
  34 plants
  240 spectral weapons
  13 starspawn tentacles
  39 starspawn tentacle segments (Abyss:1)
  22 tentacles (Shoals:3)
  1927 tentacle segments (Shoals:3)
  12 withered plants (Crypt:3)
2352 creatures vanquished.

Grand Total: 6005 creatures vanquished

Notes
Turn   | Place    | Note
--------------------------------------------------------------
     0 | D:1      | daning the High Elf Skald began the quest for the Orb.
     0 | D:1      | Reached XP level 1. HP: 14/14 MP: 4/4
     0 | D:1      | Noticed a minotaur
     0 | D:1      | Noticed a formicid
     1 | D:1      | Noticed a minotaur
     3 | D:1      | Noticed an octopode
     6 | D:1      | Noticed a vampire
     8 | D:1      | Noticed a vampire
    10 | D:1      | Noticed a spriggan
    18 | D:1      | Noticed a spriggan
   251 | D:1      | Reached XP level 2. HP: 12/19 MP: 4/6
   529 | D:1      | Reached skill level 3 in Long Blades
   772 | D:1      | Reached XP level 3. HP: 23/24 MP: 7/7
   828 | D:1      | Learned a level 2 spell: Shroud of Golubria
   832 | D:1      | Learned a level 3 spell: Regeneration
   835 | D:1      | Reached skill level 1 in Armour
  2023 | D:2      | Found a shadowy altar of Dithmenos.
  2023 | D:2      | Found a radiant altar of Vehumet.
  2103 | D:2      | Reached XP level 4. HP: 24/30 MP: 0/8
  2607 | D:2      | Found a glowing silver altar of Zin.
  2617 | D:2      | Found a sacrificial altar of Ru.
  3097 | D:3      | Found a white marble altar of Elyvilon.
  3298 | D:3      | Found an iron altar of Okawaru.
  3551 | D:3      | Reached skill level 4 in Long Blades
  3642 | D:3      | Became a worshipper of Warmaster Okawaru
  3681 | D:3      | Reached XP level 5. HP: 36/36 MP: 2/9
  3686 | D:3      | Learned a level 3 spell: Spectral Weapon
  3838 | D:4      | Noticed an ogre
  4163 | D:4      | Reached skill level 5 in Long Blades
  4222 | D:4      | Found a white marble altar of Elyvilon.
  4301 | D:4      | Found a shattered altar of Ashenzari.
  4459 | D:5      | Entered Level 5 of the Dungeon
  4541 | D:5      | Found a snail-covered altar of Cheibriados.
  4550 | D:5      | Reached XP level 6. HP: 42/42 MP: 6/10
  4872 | D:6      | Reached * piety under Okawaru
  5423 | D:6      | Found a staircase to the Ecumenical Temple.
  5435 | Temple   | Entered the Ecumenical Temple
  5630 | D:6      | Reached XP level 7. HP: 43/47 MP: 8/12
  5802 | D:5      | Reached skill level 6 in Long Blades
  6165 | D:5      | Noticed Duvessa
  6165 | D:5      | Noticed Dowan
  6211 | D:5      | Killed Duvessa
  6216 | D:5      | Killed Dowan
  6216 | D:5      | Reached ** piety under Okawaru
  6355 | D:5      | Reached skill level 7 in Long Blades
  6355 | D:5      | Reached XP level 8. HP: 48/54 MP: 3/14
  6493 | D:5      | Found an oddly glowing altar of Pakellas.
  6835 | D:5      | Got a smoking dagger
  6836 | D:5      | Identified the cursed +1 dagger "Death Rattle" {speed, Dex+2} (You found it on level 5 of the Dungeon)
  7520 | D:7      | Reached skill level 5 in Fighting
  7687 | D:7      | Reached skill level 8 in Long Blades
  7925 | D:7      | Reached skill level 5 in Charms
  7930 | D:7      | Reached skill level 5 in Dodging
  7976 | D:7      | Found Paukiar's Armour Boutique.
  8206 | D:7      | Reached XP level 9. HP: 45/61 MP: 7/17
  8227 | D:7      | Reached *** piety under Okawaru
  8412 | D:7      | Got a polished falchion
  8413 | D:7      | Identified the +8 falchion of Devotion {drain, +Inv MR- Int+3 Stlth+} (You found it on level 7 of the Dungeon)
  8549 | D:7      | Found Ynwucuri's Jewellery Shoppe.
  8815 | D:7      | Reached skill level 5 in Spellcasting
  9022 | D:8      | Reached skill level 9 in Long Blades
  9311 | D:8      | Reached **** piety under Okawaru
  9932 | D:9      | Reached skill level 5 in Armour
 10033 | D:9      | Noticed a troll
 10044 | D:9      | Killed a troll
 10044 | D:9      | Reached skill level 10 in Long Blades
 10044 | D:9      | Reached skill level 1 in Stealth
 10044 | D:9      | Reached XP level 10. HP: 57/69 MP: 18/20
 10558 | D:9      | Found an opulent altar of Gozag.
 10673 | D:10     | Entered Level 10 of the Dungeon
 11035 | D:10     | Reached skill level 1 in Invocations
 11037 | D:10     | Reached ***** piety under Okawaru
 11293 | D:10     | Reached skill level 11 in Long Blades
 11335 | D:10     | Noticed a hill giant
 11391 | D:11     | Found a staircase to the Lair.
 11602 | Lair:1   | Entered Level 1 of the Lair of Beasts
 11696 | Lair:1   | Noticed a black mamba
 11758 | Lair:1   | Killed a black mamba
 12017 | Lair:1   | Reached XP level 11. HP: 66/75 MP: 17/22
 12594 | Lair:1   | Received a gift from Okawaru
 13019 | Lair:2   | Reached skill level 5 in Invocations
 13339 | Lair:2   | Got a faintly humming chain mail
 13526 | Lair:2   | Noticed Sonja
 13879 | Lair:3   | Noticed Nergalle
 13912 | Lair:3   | Reached skill level 12 in Long Blades
 13935 | Lair:3   | Noticed Fannar
 14006 | Lair:1   | Identified the cursed +0 chain mail "Ulois" {rPois rN+} (You found it on level 2 of the Lair of Beasts)
 14104 | Lair:2   | Killed Sonja
 14116 | Lair:2   | Noticed Gastronok
 14332 | Lair:2   | Reached ****** piety under Okawaru
 14602 | Lair:3   | Received a gift from Okawaru
 14603 | Lair:3   | Got a pair of spiked gloves {god gift}
 14609 | Lair:3   | Identified the +4 pair of gloves of the Alphagorgon {*Confuse rPois rF+++ Str-3} (Okawaru gifted it to you on level 3 of the Lair of Beasts)
 14664 | Lair:3   | Found a staircase to the Shoals.
 14724 | Lair:3   | Killed Fannar
 15027 | Lair:3   | Killed Nergalle
 15027 | Lair:3   | Reached XP level 12. HP: 84/84 MP: 10/25
 15240 | Lair:3   | Reached skill level 13 in Long Blades
 16677 | Lair:4   | You fall through a shaft for 2 floors!
 16686 | Lair:5   | Received a gift from Okawaru
 17061 | Lair:5   | Reached skill level 14 in Long Blades
 17395 | Lair:5   | Got a wavering copper ring
 17397 | Lair:5   | Identified the ring of Moderation {rF+ MR+ EV+5 Int+2 Dex+3} (You found it on level 5 of the Lair of Beasts)
 17964 | Lair:6   | Noticed a six-headed hydra
 18146 | Lair:6   | Reached XP level 13. HP: 62/90 MP: 14/27
 18670 | Lair:6   | Found a staircase to the Snake Pit.
 18678 | Lair:6   | Reached skill level 10 in Dodging
 18785 | Lair:6   | Found a runed door.
 18785 | Lair:6   | Found a viscous altar of Jiyva.
 18785 | Lair:6   | Found a staircase to the Slime Pits.
 18785 | Lair:6   | Noticed an acid blob
 18785 | Lair:6   | Noticed an acid blob
 19261 | Lair:7   | Learned a level 3 spell: Mephitic Cloud
 19320 | Lair:5   | Learned a level 2 spell: Cure Poison
 19427 | Lair:2   | Reached skill level 15 in Long Blades
 19437 | Lair:2   | Received a gift from Okawaru
 19808 | Lair:6   | Reached skill level 1 in Air Magic
 19892 | Lair:7   | Found a basalt altar of Yredelemnul.
 20399 | Lair:8   | Entered Level 8 of the Lair of Beasts
 20605 | Lair:8   | Reached skill level 10 in Fighting
 20751 | Lair:8   | Received a gift from Okawaru
 20756 | Lair:8   | Reached skill level 10 in Spellcasting
 20804 | Lair:8   | Learned a level 6 spell: Haste
 21199 | Lair:8   | Reached XP level 14. HP: 99/99 MP: 25/29
 21691 | Lair:8   | Learned a level 5 spell: Warp Weapon
 21696 | Lair:8   | Learned a level 4 spell: Force Lance
 21779 | Lair:8   | Received a gift from Okawaru
 21788 | Lair:8   | Reached skill level 16 in Long Blades
 21793 | Lair:8   | Reached skill level 1 in Translocations
 22611 | Lair:7   | Noticed Snorg
 22624 | Lair:7   | Killed Snorg
 23051 | Lair:2   | Killed Gastronok
 23051 | Lair:2   | Received a gift from Okawaru
 23052 | Lair:2   | Got a polished hat {god gift}
 23075 | Lair:2   | Identified the -2 hat of the Cockroach {+Inv rN+ Str-3 Dex+4} (Okawaru gifted it to you on level 2 of the Lair of Beasts)
 23463 | D:11     | Identified the Volume of Attacks
 23671 | D:11     | Found Lyevam's Food Shoppe.
 23995 | D:11     | Found a staircase to the Orcish Mines.
 24174 | Temple   | Learned a level 2 spell: Song of Slaying
 25225 | D:12     | Found Vulutzos's General Store.
 25898 | D:12     | Found Cocianud's Gadget Boutique.
 26060 | Orc:1    | Entered Level 1 of the Orcish Mines
 26328 | Orc:2    | Entered Level 2 of the Orcish Mines
 26398 | Orc:2    | Noticed Josephine
 26408 | Orc:2    | Killed Josephine
 26620 | Orc:2    | Noticed an orc warlord
 26671 | Orc:2    | Found a dark tunnel.
 26730 | Volcano  | Entered a volcano
 26823 | Volcano  | HP: 3/99 [deep elf knight/shard of ice (45)]
 27518 | Lair:1   | Learned a level 6 spell: Deflect Missiles
 27581 | Orc:2    | Found a staircase to the Elven Halls.
 27855 | Orc:2    | Killed an orc warlord
 27855 | Orc:2    | Reached XP level 15. HP: 95/105 MP: 9/30
 28308 | Orc:2    | Found Kixesch's Armour Shop.
 28308 | Orc:2    | Found Baxuash's Antique Weapon Shop.
 28309 | Orc:2    | Found Xumnetun's Gadget Emporium.
 28309 | Orc:2    | Found Wehu Mok's Antique Armour Emporium.
 28378 | Orc:2    | Bought a jewelled leather armour for 175 gold pieces
 28388 | Orc:2    | Identified the cursed +1 leather armour of Pride {Dex+2} (You bought it in a shop on level 2 of the Orcish Mines)
 28388 | Orc:2    | Bought a pair of runed boots for 112 gold pieces
 28870 | Orc:1    | Reached skill level 17 in Long Blades
 29002 | Orc:1    | Received a gift from Okawaru
 29010 | Orc:1    | Got a transparent triple sword {god gift}
 29011 | Orc:1    | Identified the +9 triple sword of Okawaru's Generosity {flame, *Corrode +Fly Dex+7 Stlth+} (Okawaru gifted it to you on level 1 of the Orcish Mines)
 29111 | Orc:1    | Noticed an orc warlord
 29268 | Orc:1    | Noticed an orc warlord
 29404 | Orc:2    | Reached skill level 10 in Charms
 29952 | D:13     | Found a flagged portal.
 29984 | Bailey   | Entered a bailey
 30004 | Bailey   | Reached skill level 10 in Armour
 31359 | D:14     | Found a gate to the Vaults.
 31395 | D:14     | Reached XP level 16. HP: 111/113 MP: 32/32
 31506 | D:14     | Got an ichor-stained dagger
 31558 | D:14     | Received a gift from Okawaru
 31700 | D:13     | Reached skill level 5 in Air Magic
 31790 | D:14     | Found a sacrificial altar of Ru.
 31982 | D:14     | Noticed Agnes
 32082 | D:15     | Entered Level 15 of the Dungeon
 32525 | Lair:1   | Identified the +10 dagger "Xebofag" {distort, Dex+2} (You found it on level 14 of the Dungeon)
 32692 | Snake:1  | Entered Level 1 of the Snake Pit
 33560 | Snake:1  | Reached skill level 18 in Long Blades
 33821 | Snake:1  | Reached XP level 17. HP: 90/119 MP: 22/33
 34259 | Snake:2  | Learned a level 1 spell: Summon Butterflies
 34386 | Snake:2  | Found a burning altar of Makhleb.
 34624 | Snake:2  | Noticed nikopol's ghost (adept MiBe)
 35165 | D:7      | Bought the ring of Gime {rCorr rElec rPois rN++ MP-9} for 681 gold pieces
 35417 | Snake:2  | Killed nikopol's ghost
 35417 | Snake:2  | Received a gift from Okawaru
 36331 | Snake:3  | Received a gift from Okawaru
 36440 | Snake:3  | Found a glowing golden altar of the Shining One.
 36864 | Snake:4  | Entered Level 4 of the Snake Pit
 37651 | Snake:4  | Received a gift from Okawaru
 37899 | Snake:4  | Reached XP level 18. HP: 76/126 MP: 1/35
 37902 | Snake:4  | Reached skill level 19 in Long Blades
 37902 | Snake:4  | Reached XP level 19. HP: 79/132 MP: 1/36
 38421 | Snake:4  | Reached XP level 20. HP: 114/139 MP: 18/37
 39020 | Snake:4  | Got a serpentine rune of Zot
 39455 | Lair:1   | Learned a level 4 spell: Force Lance
 39550 | Shoals:1 | Entered Level 1 of the Shoals
 39939 | Shoals:1 | Received a gift from Okawaru
 39940 | Shoals:1 | Got a brightly glowing chain mail {god gift}
 39946 | Shoals:1 | Identified the +1 chain mail "Rotihuts" {rPois rF+ MR+ Str+3} (Okawaru gifted it to you on level 1 of the Shoals)
 40611 | Shoals:2 | Found Zoac Qiurr's Weapon Emporium.
 40680 | Shoals:2 | Found a frozen archway.
 40731 | IceCv    | Entered an ice cave
 40847 | IceCv    | Reached skill level 20 in Long Blades
 41479 | IceCv    | Got a warped arbalest
 42459 | Shoals:3 | Reached skill level 5 in Translocations
 42702 | Shoals:3 | Noticed Mara
 42718 | Shoals:3 | Killed Mara
 43353 | Shoals:4 | Entered Level 4 of the Shoals
 43543 | Shoals:4 | Noticed Polyphemus
 43762 | Shoals:4 | Received a gift from Okawaru
 43916 | Shoals:4 | Got a polished shield {god gift}
 44063 | Shoals:4 | Reached XP level 21. HP: 146/146 MP: 26/39
 44112 | Shoals:4 | Got a barnacled rune of Zot
 44329 | Shoals:4 | Noticed Roxanne
 44373 | Shoals:4 | Killed Polyphemus
 44505 | Shoals:4 | Noticed Ilsuiw
 44559 | Shoals:4 | Killed Ilsuiw
 44864 | Shoals:4 | Reached skill level 21 in Long Blades
 45340 | Shoals:4 | Killed Roxanne
 45616 | Lair:1   | Learned a level 5 spell: Lightning Bolt
 45622 | Lair:1   | Learned a level 5 spell: Silence
 45656 | Lair:1   | Gained mutation: You are surrounded by a mild repulsion field (EV +2). [potion of mutation]
 45656 | Lair:1   | Gained mutation: You are partially covered in slimy green scales (AC +2). [potion of mutation]
 45656 | Lair:1   | Gained mutation: You are frail (-10% HP). [potion of mutation]
 45657 | Lair:1   | Lost mutation: You are partially covered in slimy green scales (AC +2). [potion of cure mutation]
 45657 | Lair:1   | Lost mutation: You are frail (-10% HP). [potion of cure mutation]
 45657 | Lair:1   | Lost mutation: You are surrounded by a mild repulsion field (EV +2). [potion of cure mutation]
 45658 | Lair:1   | Gained mutation: You are frail (-10% HP). [potion of mutation]
 45658 | Lair:1   | Gained mutation: You are partially covered in yellow scales (AC +2). [potion of mutation]
 45658 | Lair:1   | Gained mutation: Your natural rate of healing is unusually fast. [potion of mutation]
 45659 | Lair:1   | Lost mutation: You are partially covered in yellow scales (AC +2). [potion of cure mutation]
 45659 | Lair:1   | Lost mutation: You are frail (-10% HP). [potion of cure mutation]
 45659 | Lair:1   | Lost mutation: Your natural rate of healing is unusually fast. [potion of cure mutation]
 45660 | Lair:1   | Gained mutation: You possess an exceptional clarity of mind. [potion of beneficial mutation]
 45849 | D:14     | Killed Agnes
 45854 | D:14     | Reached skill level 10 in Air Magic
 45951 | D:15     | Noticed Nessos
 45955 | D:15     | Killed Nessos
 46050 | D:15     | Found a staircase to the Depths.
 46373 | Depths:1 | Entered Level 1 of the Depths
 46381 | Depths:1 | Found a gateway to Hell.
 46510 | Depths:1 | Received a gift from Okawaru
 46511 | Depths:1 | Got a faintly glowing hat {god gift}
 46525 | Depths:1 | Identified the +0 hat "Etumnutz" {MR++ Int-2 Dex+4} (Okawaru gifted it to you on level 1 of the Depths)
 47280 | Depths:1 | Found Qidur's Assorted Antiques.
 47349 | Depths:2 | Noticed a golden dragon
 47366 | Depths:2 | Killed a golden dragon
 47399 | Depths:2 | Noticed an iron giant
 48166 | Depths:2 | Received a gift from Okawaru
 48166 | Depths:2 | Reached XP level 22. HP: 155/155 MP: 28/41
 48325 | Depths:2 | Got a pair of heavily runed gloves
 48326 | Depths:2 | Identified the +1 pair of gloves "Coem" {+Fly} (You found it on level 2 of the Depths)
 48501 | Depths:2 | Noticed a golden dragon
 48561 | Depths:2 | Killed a golden dragon
 48561 | Depths:2 | Reached skill level 15 in Dodging
 49655 | Depths:3 | Noticed Louise
 49668 | Depths:3 | Killed Louise
 49715 | Depths:3 | Reached skill level 22 in Long Blades
 49769 | Depths:3 | Found a one-way gate to the infinite horrors of the Abyss.
 50217 | Depths:3 | Received a gift from Okawaru
 50418 | Depths:3 | Found a one-way gate leading to the halls of Pandemonium.
 50767 | Lair:1   | Identified a scroll of acquirement
 50768 | Lair:1   | Identified the +1 shield of Biycwe {Str+2} (Okawaru gifted it to you on level 4 of the Shoals)
 51136 | Orc:1    | Reached skill level 15 in Spellcasting
 51262 | Orc:1    | Got a heavily runed bronze ring
 51634 | Lair:1   | Identified the ring of Hamil {rCorr *Contam Int+4} (You found it on level 1 of the Orcish Mines)
 51713 | Elf:1    | Entered Level 1 of the Elven Halls
 51954 | Elf:1    | Found a deep blue altar of Sif Muna.
 52547 | Elf:1    | Noticed Azrael
 52557 | Elf:1    | Killed Azrael
 53015 | Elf:2    | Found a runed gate.
 53015 | Elf:2    | Found a runed gate.
 53015 | Elf:2    | Found a runed gate.
 53115 | Elf:2    | Found Muaduth's General Store.
 53119 | Elf:2    | Bought a scroll of teleportation for 42 gold pieces
 53523 | Elf:2    | Reached skill level 15 in Fighting
 53915 | Elf:3    | Entered Level 3 of the Elven Halls
 54344 | Elf:3    | Got a jewelled battleaxe
 54813 | Elf:3    | Received a gift from Okawaru
 54813 | Elf:3    | Reached XP level 23. HP: 162/162 MP: 32/43
 54814 | Elf:3    | Got a faintly glowing triple crossbow {god gift}
 54967 | Elf:3    | HP: 3/162 [deep elf sorcerer/damnation (48)]
 55108 | Elf:3    | Reached skill level 23 in Long Blades
 55260 | Elf:3    | Got a transparent hand axe {drain}
 56235 | Elf:3    | Got a steaming turquoise ring
 56271 | Elf:3    | Got a dazzling war axe {venom}
 56271 | Elf:3    | Got a steaming ivory ring
 56515 | Elf:3    | Got a jewelled broad axe {chop}
 56560 | Elf:3    | Got a bloodstained blowgun
 56773 | Elf:3    | Received a gift from Okawaru
 56779 | Elf:3    | Got a heavily runed plate armour {god gift}
 57224 | Elf:3    | Identified the ring "Heim" {rElec rC+ EV+3 Int+2} (You took it off a deep elf demonologist on level 3 of the Elven Halls)
 57225 | Elf:3    | Identified the ring "Idudeuxt" {rC+ rN+ Str+3 Int+7 Stlth-} (You took it off a deep elf elementalist on level 3 of the Elven Halls)
 57653 | Orc:2    | Bought an emerald-encrusted fire dragon armour for 1625 gold pieces
 57653 | Orc:2    | Identified the +8 fire dragon armour of the Elven Halls {rF++ rC- Regen+ Str+4} (You bought it in a shop on level 2 of the Orcish Mines)
 58109 | Depths:4 | Noticed Frederick
 58119 | Depths:3 | Killed Frederick
 58192 | Depths:3 | Noticed Mennas
 58193 | Depths:3 | Found a glowing silver altar of Zin.
 58915 | Depths:4 | Found Wiwi's Elemental Accessories.
 59326 | Depths:4 | Received a gift from Okawaru
 59500 | Depths:4 | Noticed ThereIsNoGod's ghost (adept MiGl)
 59560 | Depths:4 | Killed ThereIsNoGod's ghost
 59579 | Depths:4 | Reached XP level 24. HP: 50/171 MP: 18/44
 59584 | Depths:4 | Reached skill level 24 in Long Blades
 59964 | Depths:4 | Found a gateway to a ziggurat.
 60087 | Depths:5 | Entered Level 5 of the Depths
 60751 | Depths:5 | Got a fine halberd {freeze}
 61108 | Depths:5 | Received a gift from Okawaru
 61244 | Depths:5 | Found a gate to the Realm of Zot.
 61511 | Vaults:1 | Entered Level 1 of the Vaults
 61859 | Vaults:1 | HP: 7/172 [vault warden/bardiche of venom (31)]
 62850 | Vaults:1 | Reached skill level 15 in Armour
 63156 | Vaults:2 | Found a magical portal.
 63178 | WizLab   | Entered Iskenderun's Mystic Tower
 63235 | WizLab   | Reached skill level 25 in Long Blades
 63426 | WizLab   | Received a gift from Okawaru
 63429 | WizLab   | Got a bloodstained triple sword {god gift}
 63455 | WizLab   | Identified the +4 triple sword "Mischaj" {slice, rPois Dex+2} (Okawaru gifted it to you in a wizard's laboratory)
 63982 | WizLab   | Reached XP level 25. HP: 179/179 MP: 28/44
 64131 | WizLab   | Identified Hikhlyom's Incunabulum of the Glacier and Calling
 64131 | WizLab   | Identified the Disquisition on the Birds and Protection
 64153 | WizLab   | Identified Iskenderun's Compendium of Attacks
 64153 | WizLab   | Identified Iskenderun's Papyrus of Conjuration
 64361 | WizLab   | Learned a level 1 spell: Apportation
 64584 | Vaults:2 | Identified Bomab's Incunabulum of the Harmful Frostbite
 64646 | Vaults:2 | Found an iron altar of Okawaru.
 64670 | Vaults:2 | Learned a level 4 spell: Airstrike
 65268 | Vaults:2 | Noticed Jory
 65271 | Vaults:2 | Reached skill level 1 in Evocations
 65288 | Vaults:2 | Killed Jory
 65772 | Vaults:2 | Received a gift from Okawaru
 66467 | Vaults:3 | Got a slimy scale mail
 66582 | Vaults:3 | Noticed Norris
 66616 | Vaults:3 | Killed Norris
 66937 | Vaults:3 | Noticed Margery
 66964 | Vaults:3 | Killed Margery
 67160 | Vaults:3 | Identified the +1 scale mail "Ciomehee" {rN++ Dex+4} (You found it on level 3 of the Vaults)
 67192 | Vaults:3 | Found a staircase to the Crypt.
 67688 | Vaults:3 | Reached skill level 5 in Evocations
 68202 | Vaults:4 | Received a gift from Okawaru
 68397 | Vaults:4 | Found Esampewk's Book Shoppe.
 68404 | Vaults:4 | Bought a book of Minor Magic for 280 gold pieces
 68407 | Vaults:4 | Learned a level 2 spell: Blink
 68411 | Vaults:4 | Bought a book of Geomancy for 490 gold pieces
 68414 | Vaults:4 | Learned a level 2 spell: Passwall
 68675 | Vaults:4 | Got a steaming marble ring
 69387 | Vaults:4 | Reached skill level 26 in Long Blades
 69917 | Vaults:4 | Identified the ring "Uzadaeri" {Fire rElec MR+} (You found it on level 4 of the Vaults)
 70074 | Vaults:5 | Entered Level 5 of the Vaults
 70166 | Vaults:4 | Bought an Akashic Record for 1545 gold pieces
 70459 | Lair:1   | Learned a level 6 spell: Dispersal
 70739 | Crypt:1  | Entered Level 1 of the Crypt
 71278 | Crypt:1  | Reached XP level 26. HP: 180/187 MP: 35/45
 71680 | Crypt:1  | Found a basalt altar of Yredelemnul.
 72140 | Temple   | Fell from the grace of Okawaru
 72140 | Temple   | Became a worshipper of the Shining One
 72772 | Crypt:1  | Reached * piety under the Shining One
 73076 | Crypt:2  | Noticed an ancient lich
 73085 | Crypt:2  | Killed an ancient lich
 73239 | Crypt:2  | Reached ** piety under the Shining One
 73378 | Crypt:2  | Got an encrusted scale mail
 73696 | Crypt:2  | Got a bloodstained chain mail
 73772 | Crypt:2  | Reached *** piety under the Shining One
 73912 | Crypt:2  | Reached skill level 10 in Translocations
 73948 | Crypt:2  | Reached **** piety under the Shining One
 74137 | Crypt:2  | Identified the Tome of Dark Rituals
 74179 | Crypt:3  | Entered Level 3 of the Crypt
 74314 | Crypt:3  | Got a glittering jade ring
 74314 | Crypt:3  | Got a brightly glowing turquoise ring
 74369 | Crypt:3  | Reached ***** piety under the Shining One
 74676 | Crypt:3  | Identified the ring of Hatuo {rN+ Dex+8} (You found it on level 3 of the Crypt)
 77231 | Crypt:3  | Identified the ring of Emeubrau {*Corrode rPois rN+ Str+7} (You found it on level 3 of the Crypt)
 77301 | Crypt:3  | Reached ****** piety under the Shining One
 77684 | Crypt:3  | Found an ancient bone altar of Kikubaaqudgha.
 77686 | Crypt:3  | Noticed an ancient lich
 77896 | Crypt:3  | Noticed an ancient lich
 77911 | Crypt:3  | Killed an ancient lich
 77918 | Crypt:3  | Killed an ancient lich
 78647 | Crypt:3  | Reached skill level 10 in Invocations
 78776 | Crypt:3  | Found a staircase to the Tomb.
 80010 | Lair:1   | Learned a level 4 spell: Passage of Golubria
 80518 | Tomb:1   | Entered Level 1 of the Tomb of the Ancients
 80563 | Tomb:1   | Noticed a greater mummy
 80570 | Tomb:1   | Noticed Khufu
 81545 | Vaults:3 | Was forgiven by Okawaru
 81962 | Vaults:4 | Reached XP level 27. HP: 148/193 MP: 33/46
 82937 | Vaults:5 | Noticed Jorgrun
 83185 | Vaults:4 | Killed Jorgrun
 84205 | Vaults:5 | Got a transparent mace
 84298 | Vaults:5 | Got a blackened flail {antimagic}
 84400 | Vaults:5 | Reached skill level 27 in Long Blades
 84797 | Vaults:5 | Noticed Saint Roka
 84807 | Vaults:5 | Noticed nikopol's ghost (adept MiBe)
 84814 | Vaults:5 | Killed Saint Roka
 84966 | Vaults:5 | Killed nikopol's ghost
 85277 | Vaults:5 | Got a silver rune of Zot
 85381 | Vaults:5 | Got a heavily runed jade ring
 85392 | Vaults:5 | Got a vibrating wooden ring
 85400 | Vaults:5 | Got a warped longbow
 85407 | Vaults:5 | Got a transparent blowgun
 85906 | Lair:1   | Learned a level 8 spell: Controlled Blink
 85932 | Lair:1   | Identified the ring of Boqoh {+Inv rN+ AC+2 Str+4 Int-5} (You took it off a yaktaur on level 5 of the Vaults)
 85934 | Lair:1   | Identified the ring of Ypacwol {+Inv rF+ Str+5 Int+2} (You found it on level 5 of the Vaults)
 85959 | Lair:1   | Identified the +2 chain mail of the Catfish {Regen+ Int+6} (You found it on level 2 of the Crypt)
 85969 | Lair:1   | Identified the +6 scale mail of Refuge {-Tele rF+ rC+ Dex+7} (You found it on level 2 of the Crypt)
 86901 | Depths:3 | Killed Mennas
 86975 | Depths:3 | Got an encrusted scale mail
 87541 | Zot:1    | Entered Level 1 of the Realm of Zot
 88217 | Zot:1    | Reached skill level 15 in Translocations
 97727 | Lair:1   | Identified the +6 scale mail of Activism {+Inv rElec rPois} (You found it on level 3 of the Depths)
 97934 | Slime:1  | Entered Level 1 of the Pits of Slime
 99541 | Slime:6  | Entered Level 6 of the Pits of Slime
 99596 | Slime:6  | Noticed Joat's ghost (legendary DrMo)
 99613 | Slime:6  | Killed Joat's ghost
101246 | Slime:6  | Found a viscous altar of Jiyva.
101258 | Slime:6  | Noticed the Royal Jelly
101337 | Slime:6  | Killed the Royal Jelly
102239 | Slime:6  | Got a fine silver ring
102261 | Slime:6  | Got a slimy rune of Zot
102343 | Slime:6  | Got a faintly glowing hand axe
102369 | Slime:6  | Identified the ring of Xuvarph {SustAt Str+3} (You found it on level 6 of the Pits of Slime)
104112 | Lair:1   | Cast into level 5 of the Abyss (a distortion unwield)
104112 | Abyss:5  | Entered Level 5 of the Abyss
104487 | Lair:1   | Escaped the Abyss
104864 | Lair:1   | Cast into level 5 of the Abyss (a distortion unwield)
104864 | Abyss:5  | Entered Level 5 of the Abyss
105258 | Lair:1   | Escaped the Abyss
106991 | Zot:5    | Entered Level 5 of the Realm of Zot
108797 | Zot:5    | Noticed an ancient lich
108840 | Zot:5    | Killed an ancient lich
109069 | Zot:5    | Noticed an orb of fire
109074 | Zot:5    | Gained mutation: You expend magic power (3 MP) to strengthen your wands. [an orb of fire]
109075 | Zot:5    | Gained mutation: You are weak. (Str -2) [an orb of fire]
109611 | Lair:1   | Lost mutation: You expend magic power (3 MP) to strengthen your wands. [potion of cure mutation]
109611 | Lair:1   | Lost mutation: You possess an exceptional clarity of mind. [potion of cure mutation]
109611 | Lair:1   | Lost mutation: You are weak. (Str -2) [potion of cure mutation]
109860 | D:2      | Fell from the grace of the Shining One
109860 | D:2      | Became a worshipper of Zin the Law-Giver
109860 | D:2      | Reached * piety under Zin
109860 | D:2      | Reached ** piety under Zin
109860 | D:2      | Reached *** piety under Zin
109860 | D:2      | Reached **** piety under Zin
109860 | D:2      | Reached ***** piety under Zin
109861 | D:2      | Donated 1917 gold pieces to Zin
110104 | Lair:1   | Reached ****** piety under Zin
110549 | Depths:3 | Voluntarily entered the Abyss.
110960 | Abyss:1  | Found a corrupted altar of Lugonu.
111239 | Abyss:1  | Got a bloodstained plate armour
111271 | Abyss:1  | Found a corrupted altar of Lugonu.
111453 | Abyss:1  | Paralysed by accursed screaming for 1 turns
112356 | Abyss:1  | Paralysed by accursed screaming for 1 turns
112359 | Abyss:1  | Paralysed by accursed screaming for 1 turns
112442 | Abyss:1  | Gained mutation: Your spells are a little easier to cast, but a little less powerful. [mutagenic glow]
112850 | Depths:3 | Escaped the Abyss
113682 | Zot:5    | Noticed an orb of fire
113696 | Zot:5    | Killed an orb of fire
113730 | Zot:5    | Killed an orb of fire
114122 | Zot:5    | Noticed an orb of fire
114145 | Zot:5    | Killed an orb of fire
114165 | Zot:5    | Noticed an orb of fire
114179 | Zot:5    | Killed an orb of fire
114674 | Zot:5    | Noticed an orb of fire
114700 | Zot:5    | Killed an orb of fire
115150 | Zot:5    | Noticed an orb of fire
115169 | Zot:5    | Killed an orb of fire
115399 | Zot:5    | Noticed an ancient lich
115400 | Zot:5    | Noticed an ancient lich
115418 | Zot:5    | Killed an ancient lich
115429 | Zot:5    | Killed an ancient lich
115436 | Zot:5    | Noticed an ancient lich
115726 | Zot:5    | Killed an ancient lich
115796 | Zot:5    | Noticed an orb of fire
115799 | Zot:5    | Noticed an orb of fire
115805 | Zot:5    | Noticed an orb of fire
115814 | Zot:5    | Killed an orb of fire
116175 | Zot:5    | Killed an orb of fire
116222 | Zot:5    | Killed an orb of fire
116866 | D:11     | Bought a beef jerky for 21 gold pieces
116866 | D:11     | Bought a beef jerky for 21 gold pieces
116866 | D:11     | Bought a bread ration for 70 gold pieces
116866 | D:11     | Bought 3 fruits for 63 gold pieces
116866 | D:11     | Bought a bread ration for 70 gold pieces
116866 | D:11     | Bought a meat ration for 70 gold pieces
116866 | D:11     | Bought a slice of pizza for 21 gold pieces
116973 | Elf:2    | Bought 3 scrolls of enchant armour for 315 gold pieces
117189 | Lair:1   | Learned a level 8 spell: Disjunction
117628 | Tomb:1   | Killed Khufu
117783 | Tomb:1   | Killed a greater mummy
118728 | Tomb:1   | Noticed a greater mummy
119080 | Tomb:1   | Killed a greater mummy
120376 | Tomb:2   | Noticed a greater mummy
120376 | Tomb:2   | Noticed a greater mummy
120380 | Tomb:2   | Noticed a greater mummy
120380 | Tomb:2   | Noticed a greater mummy
121263 | Tomb:1   | Killed a greater mummy
121636 | Tomb:1   | Killed a greater mummy
121905 | Tomb:1   | Killed a greater mummy
123097 | Zot:5    | Got the Orb of Zot
123407 | Zot:1    | Donated 692 gold pieces to Zin
123440 | Zot:1    | Noticed Juskurab the pandemonium lord
123568 | Depths:4 | Noticed Odeom the pandemonium lord
123671 | Depths:1 | Noticed Wuahisyr the pandemonium lord
123706 | D:14     | Noticed Emyaf the pandemonium lord
123742 | D:12     | Noticed Aball the pandemonium lord
123749 | D:12     | Gained mutation: You expend magic power (3 MP) to strengthen your wands. [mutagenic glow]
124037 | D:3      | Noticed Ycrure the pandemonium lord
124194 | D:$      | Escaped with the Orb!

Skill      XL: |  1  2  3  4  5  6  7  8  9 10 11 12 13 14 15 16 17 18 19 20 21 22 23 24 25 26 27 |
---------------+----------------------------------------------------------------------------------+-----
Charms         | 4 5 9 10 11 13 | 13.1
Long Blades    | 3 4 5 7 8 10 11 12 14 15 16 17 18 19 20 21 22 23 25 26 27 | 27.0
Armour         | 1 2 3 4 5 6 8 9 10 11 12 13 14 15 16 20 | 20.3
Fighting       | 3 4 5 6 7 8 9 10 11 12 13 14 15 16 17 22 | 22.0
Dodging        | 2 3 5 6 7 8 9 10 11 12 13 14 15 16 17 18 23 | 23.3
Spellcasting   | 3 4 6 8 9 10 11 12 13 14 15 16 17 18 23 | 23.0
Stealth        | 1 3 |  3.4
Invocations    | 3 5 11 14 | 14.9
Air Magic      | 4 6 8 9 12 13 14 | 14.5
Translocations | 3 6 7 8 12 22 | 22.0
Evocations     | 5 |  5.6

Action                   |  1- 3 |  4- 6 |  7- 9 | 10-12 | 13-15 | 16-18 | 19-21 | 22-24 | 25-27 || total
-------------------------+-------+-------+-------+-------+-------+-------+-------+-------+-------++-------
Melee: Falchion          |   121 |   178 |   192 |   195 |       |       |       |       |       ||   686
       Dagger            |       |       |   229 |       |       |    32 |       |       |       ||   261
       Great sword       |       |       |       |   425 |   987 |       |       |       |       ||  1412
       Triple sword      |       |       |       |       |   201 |   517 |  1122 |  1768 |  6419 || 10027
 Cast: Shroud of Golubri |     6 |    11 |     9 |    15 |    27 |    17 |    22 |    19 |    14 ||   140
       Infusion          |     4 |     9 |     3 |    11 |    17 |    12 |    11 |     9 |     1 ||    77
       Regeneration      |     3 |     1 |    10 |    44 |    46 |    49 |    73 |    91 |    30 ||   347
       Spectral Weapon   |       |    16 |    35 |    74 |   132 |    48 |    98 |   122 |   382 ||   907
       Mephitic Cloud    |       |       |       |       |    17 |       |     1 |       |       ||    18
       Song of Slaying   |       |       |       |       |     6 |       |       |     2 |       ||     8
       Haste             |       |       |       |       |       |    13 |    19 |    37 |   105 ||   174
       Deflect Missiles  |       |       |       |       |       |     7 |    12 |    11 |    19 ||    49
       Cure Poison       |       |       |       |       |       |       |     5 |       |     1 ||     6
       Force Lance       |       |       |       |       |       |       |       |     2 |     5 ||     7
       Summon Butterflie |       |       |       |       |       |       |       |       |    10 ||    10
       Blink             |       |       |       |       |       |       |       |       |    47 ||    47
       Dispersal         |       |       |       |       |       |       |       |       |     3 ||     3
       Airstrike         |       |       |       |       |       |       |       |       |     3 ||     3
       Passage of Golubr |       |       |       |       |       |       |       |       |    13 ||    13
       Silence           |       |       |       |       |       |       |       |       |    10 ||    10
       Lightning Bolt    |       |       |       |       |       |       |       |       |     3 ||     3
       Controlled Blink  |       |       |       |       |       |       |       |       |    46 ||    46
       Passwall          |       |       |       |       |       |       |       |       |    18 ||    18
Invok: Heroism           |       |       |       |     1 |     1 |       |       |       |       ||     2
       Finesse           |       |       |       |     1 |     1 |       |       |       |       ||     2
       Cleansing Flame   |       |       |       |       |       |       |       |       |     2 ||     2
       Recite            |       |       |       |       |       |       |       |       |     3 ||     3
       Divine Shield     |       |       |       |       |       |       |       |       |     3 ||     3
       Donate Gold       |       |       |       |       |       |       |       |       |     2 ||     2
       Summon Divine War |       |       |       |       |       |       |       |       |     2 ||     2
       Vitalisation      |       |       |       |       |       |       |       |       |     1 ||     1
 Abil: Evoke Invisibilit |       |       |       |       |       |       |       |       |     1 ||     1
       Evoke Flight      |       |       |       |       |       |       |       |       |     1 ||     1
Evoke: Wand              |       |       |       |     2 |       |       |     4 |     2 |    10 ||    18
       Phantom mirror    |       |       |       |       |     1 |       |       |       |       ||     1
  Use: Scroll            |       |     8 |     3 |    10 |    15 |     7 |     5 |    28 |    32 ||   108
       Potion            |       |     1 |       |     2 |     3 |     4 |     7 |     6 |    13 ||    36
 Stab: Sleeping          |     1 |       |     3 |     9 |    17 |     5 |    12 |    12 |       ||    59
       Distracted        |       |       |    10 |     4 |    20 |     3 |    26 |    33 |    33 ||   129
       Paralysed         |       |       |       |     1 |       |       |     3 |       |       ||     4
       Confused          |       |       |       |       |     7 |       |       |       |       ||     7
  Eat: Chunk             |     5 |    14 |     9 |    29 |    46 |    21 |    51 |    73 |   156 ||   404
       Bread ration      |       |       |     3 |       |       |     2 |     1 |       |    13 ||    19
       Pizza             |       |       |       |       |       |     1 |       |       |     1 ||     2
       Meat ration       |       |       |       |       |       |       |     1 |       |     1 ||     2
       Beef jerky        |       |       |       |       |       |       |       |       |     1 ||     1
       Royal jelly       |       |       |       |       |       |       |       |       |     1 ||     1
       Fruit             |       |       |       |       |       |       |       |       |     1 ||     1
Armor: Leather armour    |    25 |    38 |    44 |       |    66 |    22 |       |       |       ||   195
       Ring mail         |       |       |    35 |   182 |   226 |    90 |   220 |   142 |       ||   895
       Fire dragon armou |       |       |       |       |       |       |       |   264 |     6 ||   270
       Ice dragon armour |       |       |       |       |       |       |       |     7 |  2536 ||  2543
Dodge: Dodged            |    82 |   108 |   200 |   333 |  1244 |   584 |  1150 |  1308 |  4479 ||  9488
       Deflected         |       |       |       |       |       |    54 |   101 |   107 |   234 ||   496
Block: Other             |       |    16 |    30 |       |       |       |       |       |    48 ||    94
       Reflection        |       |       |     2 |       |       |       |       |       |       ||     2
